woodfighter, chaotic female orcish Cavewoman --------------- +..1..........| |.....I%I.....| |%%%%%.[)%%%[%| |...)..\......| --------|------ # ### # # ##### -------+---|--- |.............| ..............| |.............| |............<| --------------- woodfighter the Young Cave Woman Experience level: 9 Strength: 25 Dexterity: 15 Constitution: 18 Intelligence: 9 Wisdom: 13 Charisma: 9 Health: 0(77) Energy: 28(28) Def: 15 Gold: 0 Moves: 12357 Dungeon seed: kkjsLD9CgMLRyBcP Game ID: woodfighter_1499766130 Your Inventory: Weapons a - a blessed +0 dwarvish spear (weapon in hand) P - 4 +0 dwarvish spears (in quiver) Armor g - an uncursed +0 dwarvish cloak n - a blessed +3 gray dragon scale mail (being worn) r - an uncursed rusty +0 pair of gauntlets of power (being worn) x - an uncursed +0 pair of speed boots (being worn) z - an uncursed +0 Hawaiian shirt (being worn) L - an uncursed +0 dwarvish cloak N - an uncursed rotted +0 cloak of displacement (being worn) Q - an uncursed +0 elven shield (being worn) T - an uncursed +0 pair of gauntlets of power V - an uncursed +0 pair of leather gloves Y - an uncursed rusty +0 orcish helm (being worn) Comestibles o - an uncursed cram ration w - 2 uncursed tripe rations H - an uncursed clove of garlic I - an uncursed orange M - an uncursed candy bar R - 8 uncursed food rations Z - 2 uncursed lizard corpses Rings l - an uncursed ring of shock resistance (on left hand) Wands d - a wand of digging (0:4) k - a wand of lightning (0:7) A - a wand of teleportation (0:5) Tools b - an uncursed magic whistle f - the blessed greased rustproof Master Key of Thievery p - an uncursed stethoscope q - a -3 unicorn horn s - an uncursed sack t - an uncursed towel y - an uncursed skeleton key F - a +0 pick-axe Gems e - an uncursed luckstone Contents of the sack: 4355 gold pieces an uncursed lizard corpse a [uncursed] scroll of taming a [uncursed] potion of object detection a [cursed] potion of oil Spells and supernatural/magical abilities: Name Level Category Fail Memory W - pray for help -- divine ? -- Your skills at the end: Miscellaneous Skills bare handed combat [Basic] shield [Basic] Weapon Skills scimitar [Basic] club [Basic] spear [Skilled] sling [Basic] Spellcasting Skills Final Attributes: You were piously aligned. You were fire resistant. You were shock resistant. You were poison resistant. You were magic-protected. Your writing hand was ok. You were telepathic. You were warned. You had infravision. You were displaced. You were somewhat stealthy. You had teleport control. You were very fast. You were lucky. You had extra luck. Bad luck did not time out for you. Good luck did not time out for you. Anshar was angry with you. You are dead. Vanquished creatures: a vampire lord a vampire a ghost 2 giant mimics a stalker an earth elemental 2 quantum mechanics 2 small mimics a warhorse an ettin mummy an ogre lord a shocking sphere a crocodile a human mummy 2 giant beetles 2 wolves 2 leprechauns a quivering blob 3 lizards 2 giant spiders an iron piercer a horse a vampire bat 3 gnome kings an orc mummy a dwarf mummy an ogre 2 brown puddings a Green-elf a yeti 2 gold golems 2 werewolves 4 dogs a jaguar 2 dwarf lords 2 blue jellies a gray unicorn a raven a plains centaur a gnome mummy 4 Woodland-elves 2 snakes 2 human zombies a soldier ant a fire ant 2 yellow lights 25 bugbears an imp a baby crocodile 11 Uruk-hai an orc shaman 3 rock moles 3 rock piercers a pony a shrieker 2 violet fungi 19 gnome lords 4 gnomish wizards 4 kobold mummies a black naga hatchling 3 guardian naga hatchlings a gray ooze a barrow wight 3 ghouls 6 giant ants 3 puppies 5 floating eyes a kitten 24 dwarves 5 kobold lords 2 kobold shamans 6 iguanas 12 hill orcs 7 rothes a rabid rat a centipede 4 jitterbugs 2 monkeys 9 orc zombies 7 dwarf zombies a werejackal 5 killer bees a coyote a gas spore 8 hobbits 3 acid blobs 4 large kobolds 7 geckos 17 hobgoblins 4 giant rats a cave spider a brown mold 4 yellow molds a green mold a red mold 60 gnomes 12 garter snakes 9 manes 3 gnome zombies 21 jackals 2 foxes 7 kobolds 21 newts 15 goblins 9 sewer rats 19 grid bugs 7 bats 6 lichens 3 kobold zombies 504 creatures vanquished. Voluntary challenges: You did not have reflection. You used a wielded weapon 730 times, starting on turn 82. You did not use sinks. You read items or engraved 2 times, starting on turn 2549. You never genocided any monsters. You never polymorphed an object. You never changed form. You completed Sokoban on turn 4963, according to the rules. You used 2 wishes, starting on turn 6447. You wished for your your first artifact on turn 10189. You split 1 pudding, starting on turn 8539. You never wrote Elbereth's name. You never violated your personal moral code. Dungeon overview: The Dungeons of Doom: levels 1 to 13 Level 1 a fountain a long staircase Level 2 stairs to The Gnomish Mines Level 3 (locked) Level 4 a weapon shop, an altar to Anu Level 5 many fountains Level 6 an altar to Ishtar, some fountains stairs to Sokoban Level 7 Level 8 some fountains Level 9 Level 10 Level 11 a fountain Level 12 (quest) Level 13 <- You were here a throne The Gnomish Mines: levels 3 to 11 Level 3 stairs to The Dungeons of Doom Level 4 Level 5 Level 6 (idiot!) some shops, a temple to Anshar, a magic chest, some fountains Level 7 Level 8 Level 9 Level 10 Level 11 a magic chest, some fountains Sokoban: levels 2 to 5 Level 2 a magic chest Level 3 Level 4 Level 5 (double idiot!) an altar to Ishtar, a magic chest stairs to The Dungeons of Doom History has recorded: On T:1 you entered the Dungeons of Doom to retrieve the Amulet of Yendor! On T:278 you reached level 2 of The Dungeons of Doom. On T:337 you reached level 1 of The Gnomish Mines. On T:437 you reached level 3 of The Dungeons of Doom. On T:977 you reached level 4 of The Dungeons of Doom. On T:1327 you advanced to experience level 2. On T:1472 you reached level 5 of The Dungeons of Doom. On T:1501 you advanced to experience level 3. On T:1709 you advanced to experience level 4. On T:2091 you advanced to experience level 5. On T:2246 you reached level 6 of The Dungeons of Doom. On T:2420 you reached level 4 of Sokoban. On T:2547 you opened a magic chest. On T:2723 you reached level 3 of Sokoban. On T:2985 you advanced to experience level 6. On T:3318 you reached level 2 of Sokoban. On T:4152 you reached level 1 of Sokoban. On T:4360 you advanced to experience level 7. On T:4963 you advanced to experience level 8. On T:4963 you entered the Sokoban zoo. On T:5549 you reached level 2 of The Gnomish Mines. On T:6009 you reached level 3 of The Gnomish Mines. On T:6209 you reached level 4 of The Gnomish Mines. On T:6368 you entered the Minetown temple On T:6447 you wished for "+3 blessed fixed gray dragon scale mail". On T:6823 you reached level 5 of The Gnomish Mines. On T:7016 you advanced to experience level 9. On T:7274 you reached level 6 of The Gnomish Mines. On T:7685 you reached level 7 of The Gnomish Mines. On T:8053 you reached level 9 of The Gnomish Mines. On T:8053 you reached the bottom of the Mines. On T:8607 you reached level 8 of The Gnomish Mines. On T:9470 you prayed to Anshar. On T:9869 you reached level 7 of The Dungeons of Doom. On T:10189 you wished for "blessed fixed greased the master key of thievery". On T:10314 you reached level 8 of The Dungeons of Doom. On T:10587 you reached level 9 of The Dungeons of Doom. On T:10669 you reached level 10 of The Dungeons of Doom. On T:11192 you prayed to Anshar. On T:11433 you reached level 11 of The Dungeons of Doom. On T:11803 you reached level 12 of The Dungeons of Doom. On T:11991 you reached level 13 of The Dungeons of Doom. Score breakdown: Gold: 4355 ( 435 points) Experience: 9 levels ( 800 points) Exploration: 13 levels ( 360 points) Discoveries: 45 items ( 2000 points) Variety of kills: 109 monsters ( 2000 points) Major goal: Sokoban/Mines ( 1500 points) Survival: died (score multiplied by 3) Total score: 21285 Latest messages: The mountain centaur punches you! The mountain centaur kicks! The mountain centaur misses. You kill the bugbear! The mountain centaur misses. (3x) You kill the bugbear! The bugbear punches you! The mountain centaur misses. The mountain centaur kicks! (2x) You jab the bugbear! The mountain centaur just misses! The mountain centaur kicks! (2x) The potion of sleeping misses the mountain centaur. A potion of sleeping shatters! You smell a peculiar odor... You feel rather tired. Something punches you! Something misses. Something kicks! (2x) Something punches you! Something kicks! (2x) Something misses. (2x) Something kicks! (2x) Something punches you! You die... Final status: Goodbye woodfighter the Cavewoman, killed by a mountain centaur, while sleeping off potion vapours... You died in The Dungeons of Doom on dungeon level 13 with 21285 points, and 4355 pieces of gold, after 12357 moves. You were level 9 with a maximum of 77 hit points when you died.